Description

All credit to Zuka! Added notes and removed probes.

"This build order in really easy to execute. He is designed for beginners or new player who want a solid all-in build order.

The goal is to do an early pressure then go to a Immortal/Chargelot composition.

This build can be done against Zerg, Terran or Protoss with almost no variation from Bronze to Master. The build is really effective and I will use it soon in a Bronze to Master series.

Why i did this build order ?

Easy to do for beginners
Universal: Can be done against Zerg, Terran and Protoss
Easy to understand
All-in oriented
Include scouting timing to help you learning how to scout
Can be done from bronze to master (I did a serie using only this)
Really powerfull with many strong timings

Few tips :

Against a Zerg : Do you first 3 buildings inside your wall
Don't commit on micro at the beginning, macro is the most important thing to reach a good timing
Too many minerals = more Gates
Focus on one simple army composition: zealot / Immortal
Learn to scout step by step: Understand why he is taking gas, why he doesn't expand etc...

This build is designed to be good in defense and in attack. You can use it without adaptation until mid-diamond. In mid-diamond you should do some small adaptations like playing with 2 adepts first against zerg."

VOD

https://www.youtube.com/watch?v=Pz4tgRuHQIE

Replay - PvX vs zerg

Build Order

Get SALT Encoding   

  14  0:19  Pylon  
  15  0:33  Probe (Chrono Boost)  
  16  0:43  Gateway  ( 1. | Scout w/ probe)
  16  0:48  Assimilator  Only two probes
  18  0:58  Assimilator  Only two probes
  19  1:14  Gateway  
  20  1:30  Cybernetics Core  
  20  1:39  Pylon  ( 2.)
  22  1:56  Stalker x2  
  27  2:08  Warp Gate (Chrono Boost)  
  27  2:13  Pylon  ( 3.)
  28  2:26  Stalker x2  
  31  2:52  Nexus  
  32  3:05  Robotics Facility  
  32  3:07  Probe  
  35  3:36  Twilight Council  
  36  3:55  Warp Prism  Or immortal first
  38  3:57  Pylon  ( 4.)
  39  4:06  Charge  
  41  4:16  Gateway x2  
  42  4:22  Immortal  Or warp prism
  49  4:41  Zealot  
  51  4:48  Gateway x2  
  51  5:00  Gateway  
  51  5:02  Observer  
  51  5:06  Zealot x2  
  55  5:11  Pylon  ( 5.)
  56  5:15  Zealot x2  
  60  5:24  Pylon x3  ( 6.), ( 7.), ( 8.)
  60  5:42  Zealot x5  Move to attack
  70  6:04  Zealot x6  Attack
  78  6:24  Zealot x6  Keep them coming
  88  6:42  Zealot x2  
Spawning Tool Build Advisor. Get it on Overwolf

Analysis

Notes in-game cover this.

Go to:

Details

  • Created by: Rage
  • Published on: Jun 24, 2020
  • Modified on: Jun 29, 2020
  • Patch: 4.11.0
  • Difficulty: Easy
Show
View Real Time Build Order
Export as new Build Order

Comments (0)

There are no comments. Be the first!

Create an account to comment!